| TOP OF THE 1ST |
|
Fargo Brewmasters batting - Pitching for Great Falls Voyagers : RHP Julian Polanco
|
|
Pitching: RHP Julian Polanco
|
|
|
Batting: SHB Angel Escobar
|
0-0: Ball 1-0: Ball 2-0: Ball 3-0: Base on Balls
|
|
Batting: LHB Victor Fernandez
|
0-0: Called Strike 0-1: Ball 1-1: Called Strike 1-2: Strikes out swinging
|
|
Batting: RHB Forace Oxendine
|
0-0: Foul Ball, location: 2F 0-1: Foul Ball, location: 2F 0-2: Ball 1-2: Foul Ball, location: 2F 1-2: Grounds into double play, 4-6-3 (Groundball, 34, EV 91.9 MPH)
|
| Top of the 1st over - 0 runs, 0 hits, 0 errors, 0 left on base; Fargo 0 - Great Falls 0 |
| BOTTOM OF THE 1ST |
|
Great Falls Voyagers batting - Pitching for Fargo Brewmasters : LHP Alex Iniguez
|
|
Pitching: LHP Alex Iniguez
|
|
|
Batting: LHB Jose Fernandez
|
0-0: Ground out 6-3 (Groundball, 6, EV 101.3 MPH)
|
|
Batting: LHB Juan Villaescusa
|
0-0: Ball 1-0: Ball 2-0: Called Strike 2-1: Foul Ball, location: 2F 2-2: Strikes out swinging
|
|
Batting: RHB Johnny Paredes
|
0-0: Called Strike 0-1: Ball 1-1: Ground out 6-3 (Groundball, 6M, EV 78.1 MPH)
|
| Bottom of the 1st over - 0 runs, 0 hits, 0 errors, 0 left on base; Fargo 0 - Great Falls 0 |
| TOP OF THE 2ND |
|
Fargo Brewmasters batting - Pitching for Great Falls Voyagers : RHP Julian Polanco
|
|
Batting: RHB Dick E Scott
|
0-0: Called Strike 0-1: Swinging Strike 0-2: Strikes out swinging
|
|
Batting: RHB Gus Polidor
|
0-0: Ball 1-0: SINGLE (Groundball, 6D, EV 101.9 MPH)
|
|
Batting: RHB Juan Picart
|
0-0: Ball 1-0: Called Strike 1-1: Ball 2-1: Ball 3-1: Base on Balls Gus Polidor to second
|
|
Batting: SHB Elton Hooker
|
0-0: Ball 1-0: Foul Ball, location: 2F 1-1: Fly out, F4 (Line Drive, 4, EV 66.9 MPH)
|
|
Batting: RHB Adolph Crump
|
0-0: Ball 1-0: Foul Ball, location: 2F 1-1: Swinging Strike 1-2: Foul Ball, location: 2F 1-2: Ball 2-2: Foul Ball, location: 2F 2-2: Fly out, F8 (Flyball, 8LM, EV 75.6 MPH)
|
| Top of the 2nd over - 0 runs, 1 hit, 0 errors, 2 left on base; Fargo 0 - Great Falls 0 |
| BOTTOM OF THE 2ND |
|
Great Falls Voyagers batting - Pitching for Fargo Brewmasters : LHP Alex Iniguez
|
|
Batting: RHB Jose Gomez
|
0-0: Ball 1-0: SINGLE (Line Drive, 9LM, EV 101.3 MPH)
|
|
Batting: SHB John Kanter
|
0-0: Fly out, F4 (Flyball, 34D, EV 85.0 MPH)
|
|
Batting: SHB Gerald Young
|
0-0: Called Strike 0-1: Ball 1-1: Called Strike 1-2: Ball 2-2: SINGLE (Line Drive, 7S, EV 91.9 MPH) Jose Gomez to second
|
|
Batting: RHB Guy Duhon
|
0-0: Ball 1-0: Called Strike 1-1: Ball 2-1: Ball 3-1: Foul Ball, location: 2F 3-2: Base on Balls Jose Gomez to third Gerald Young to second
|
|
Batting: RHB Paulino Garcia
|
0-0: Ball 1-0: Called Strike 1-1: Fly out, F8 (Flyball, 8RD, EV 108.8 MPH) Runner from 3rd tags up, OUT at HOME! 8-2
|
| Bottom of the 2nd over - 0 runs, 2 hits, 0 errors, 2 left on base; Fargo 0 - Great Falls 0 |
| TOP OF THE 3RD |
|
Fargo Brewmasters batting - Pitching for Great Falls Voyagers : RHP Julian Polanco
|
|
Batting: RHB Randall Thorpe
|
0-0: Ball 1-0: Ball 2-0: Called Strike 2-1: Swinging Strike 2-2: Strikes out looking
|
|
Batting: SHB Angel Escobar
|
0-0: Ball 1-0: Swinging Strike 1-1: Ball 2-1: Ball 3-1: Called Strike 3-2: TRIPLE (Line Drive, 78XD, EV 99.4 MPH)
|
|
Batting: LHB Victor Fernandez
|
0-0: Fly out, F4 (Popup, 4M, EV 73.8 MPH)
|
|
Batting: RHB Forace Oxendine
|
0-0: Ball 1-0: Fly out, F8 (Line Drive, 8RM, EV 96.3 MPH)
|
| Top of the 3rd over - 0 runs, 1 hit, 0 errors, 1 left on base; Fargo 0 - Great Falls 0 |
| BOTTOM OF THE 3RD |
|
Great Falls Voyagers batting - Pitching for Fargo Brewmasters : LHP Alex Iniguez
|
|
Batting: RHB Harvey Wilkerson
|
0-0: Foul Ball, location: 2F 0-1: Ball 1-1: Swinging Strike 1-2: Foul Ball, location: 2F 1-2: Foul Ball, location: 2F 1-2: Ball 2-2: Strikes out swinging
|
|
Batting: LHB Jose Fernandez
|
0-0: Ball 1-0: Fly out, F4 (Line Drive, 4, EV 69.4 MPH)
|
|
Batting: LHB Juan Villaescusa
|
0-0: SINGLE (Groundball, 34D, EV 98.8 MPH)
|
|
Batting: RHB Johnny Paredes
|
0-0: Ball 1-0: Fly out, F7 (Flyball, 7D, EV 91.3 MPH)
|
| Bottom of the 3rd over - 0 runs, 1 hit, 0 errors, 1 left on base; Fargo 0 - Great Falls 0 |
| TOP OF THE 4TH |
|
Fargo Brewmasters batting - Pitching for Great Falls Voyagers : RHP Julian Polanco
|
|
Batting: RHB Dick E Scott
|
0-0: Ball 1-0: Swinging Strike 1-1: Ground out 3-1 (Groundball, 34, EV 105.6 MPH)
|
|
Batting: RHB Gus Polidor
|
0-0: Ball 1-0: Ball 2-0: Fly out, F7 (Flyball, 78D, EV 106.9 MPH)
|
|
Batting: RHB Juan Picart
|
0-0: Foul Ball, location: 2F 0-1: Called Strike 0-2: Fly out, F8 (Flyball, 8LS, EV 87.5 MPH)
|
| Top of the 4th over - 0 runs, 0 hits, 0 errors, 0 left on base; Fargo 0 - Great Falls 0 |
| BOTTOM OF THE 4TH |
|
Great Falls Voyagers batting - Pitching for Fargo Brewmasters : LHP Alex Iniguez
|
|
Batting: RHB Jose Gomez
|
0-0: Ball 1-0: Ball 2-0: Ball 3-0: Called Strike 3-1: Foul Ball, location: 2F 3-2: Foul Ball, location: 2F 3-2: Foul Ball, location: 2F 3-2: Foul Ball, location: 2F 3-2: Base on Balls
|
|
Batting: SHB John Kanter
|
0-0: SINGLE (Groundball, 34D, EV 103.8 MPH) Jose Gomez to second Runner from 2nd tries for 3rd, SAFE, throw by RF made to third
|
|
Batting: SHB Gerald Young
|
0-0: SINGLE (Line Drive, 6D, EV 94.4 MPH) Jose Gomez scores John Kanter to second
|
|
Batting: RHB Guy Duhon
|
0-0: Called Strike 0-1: Ball 1-1: Called Strike 1-2: Ball 2-2: Ball 3-2: Fielders Choice at 2nd, 6-4 (Groundball, 6, EV 103.1 MPH) John Kanter to third
|
|
Batting: RHB Paulino Garcia
|
0-0: Ball 1-0: Foul Ball, location: 2F 1-1: Grounds into double play, 5-4-3 (Groundball, 56S, EV 82.5 MPH)
|
| Bottom of the 4th over - 1 run, 2 hits, 0 errors, 1 left on base; Fargo 0 - Great Falls 1 |
| TOP OF THE 5TH |
|
Fargo Brewmasters batting - Pitching for Great Falls Voyagers : RHP Julian Polanco
|
|
Batting: SHB Elton Hooker
|
0-0: Called Strike 0-1: Foul Ball, location: 2F 0-2: Strikes out swinging
|
|
Batting: RHB Adolph Crump
|
0-0: Called Strike 0-1: Swinging Strike 0-2: Foul Ball, location: 2F 0-2: Fly out, F4 (Popup, 23, EV 77.5 MPH)
|
|
Batting: RHB Randall Thorpe
|
0-0: Reached on error, E9 (Flyball, 9, EV 98.1 MPH)
|
|
Batting: SHB Angel Escobar
|
0-0: Ground out U3 (Groundball, 13, EV 78.8 MPH)
|
| Top of the 5th over - 0 runs, 0 hits, 1 error, 1 left on base; Fargo 0 - Great Falls 1 |
| BOTTOM OF THE 5TH |
|
Great Falls Voyagers batting - Pitching for Fargo Brewmasters : LHP Alex Iniguez
|
|
Batting: RHB Harvey Wilkerson
|
0-0: Ball 1-0: Ground out 6-3 (Groundball, 56, EV 82.5 MPH)
|
|
Batting: LHB Jose Fernandez
|
0-0: Foul Ball, location: 2F 0-1: Called Strike 0-2: Fly out, F6 (Line Drive, 6, EV 62.5 MPH)
|
|
Batting: LHB Juan Villaescusa
|
0-0: Called Strike 0-1: Ball 1-1: Foul Ball, location: 2F 1-2: Strikes out looking
|
| Bottom of the 5th over - 0 runs, 0 hits, 0 errors, 0 left on base; Fargo 0 - Great Falls 1 |
| TOP OF THE 6TH |
|
Fargo Brewmasters batting - Pitching for Great Falls Voyagers : RHP Julian Polanco
|
|
Batting: LHB Victor Fernandez
|
0-0: Ground out U3 (Groundball, 3L, EV 86.9 MPH)
|
|
Batting: RHB Forace Oxendine
|
0-0: Ball 1-0: Called Strike 1-1: Foul Ball, location: 2F 1-2: SINGLE (Groundball, 6MD, EV 106.9 MPH)
|
|
Batting: RHB Dick E Scott
|
0-0: Ball 1-0: Called Strike 1-1: Ball 2-1: Foul Ball, location: 2F 2-2: Foul Ball, location: 2F 2-2: Strikes out swinging
|
|
Batting: RHB Gus Polidor
|
0-0: Fielders Choice at 2nd, 6-4 (Groundball, 6, EV 90.0 MPH)
|
| Top of the 6th over - 0 runs, 1 hit, 0 errors, 1 left on base; Fargo 0 - Great Falls 1 |
| BOTTOM OF THE 6TH |
|
Great Falls Voyagers batting - Pitching for Fargo Brewmasters : LHP Alex Iniguez
|
|
Batting: RHB Johnny Paredes
|
0-0: Called Strike 0-1: Called Strike 0-2: Ball 1-2: Ball 2-2: SINGLE (Groundball, 4M, EV 105.6 MPH) (infield hit)
|
|
Batting: RHB Jose Gomez
|
0-0: Grounds into double play, 6-4-3 (Groundball, 6, EV 101.3 MPH)
|
|
Batting: SHB John Kanter
|
0-0: Ball 1-0: Foul Ball, location: 2F 1-1: Ball 2-1: Ground out U3 (Groundball, 34S, EV 80.0 MPH)
|
| Bottom of the 6th over - 0 runs, 1 hit, 0 errors, 0 left on base; Fargo 0 - Great Falls 1 |
| TOP OF THE 7TH |
|
Fargo Brewmasters batting - Pitching for Great Falls Voyagers : RHP Julian Polanco
|
|
Batting: RHB Juan Picart
|
0-0: Called Strike 0-1: Ball 1-1: Ball 2-1: Ground out 5-3 (Groundball, 56, EV 106.3 MPH)
|
|
Batting: SHB Elton Hooker
|
0-0: Called Strike 0-1: Ball 1-1: Ball 2-1: Foul Ball, location: 2F 2-2: Strikes out swinging
|
|
Batting: RHB Adolph Crump
|
0-0: Called Strike 0-1: Ball 1-1: Swinging Strike 1-2: Ball 2-2: SINGLE (Flyball, 5D, EV 88.8 MPH)
|
|
Pinch Hitting: LHB Bill Englehart
|
0-0: Ball 1-0: Ball Adolph Crump steals 2nd, throwing error, E2 Adolph Crump to third 2-0: Ball 3-0: Base on Balls
|
|
Batting: SHB Angel Escobar
|
0-0: Ball 1-0: Ball 2-0: Fly out, F8 (Flyball, 8LD, EV 103.8 MPH)
|
| Top of the 7th over - 0 runs, 1 hit, 1 error, 2 left on base; Fargo 0 - Great Falls 1 |
| BOTTOM OF THE 7TH |
|
Great Falls Voyagers batting - Pitching for Fargo Brewmasters : LHP Alex Iniguez
|
|
Now in LF: Phillip Webber
|
|
|
Batting: SHB Gerald Young
|
0-0: Called Strike 0-1: SINGLE (Line Drive, 7S, EV 89.4 MPH)
|
|
Batting: RHB Guy Duhon
|
0-0: Ball 1-0: Swinging Strike 1-1: Foul Ball, location: 2F 1-2: SINGLE (Groundball, 56D, EV 100.6 MPH) Gerald Young to second Gerald Young to third
|
|
Batting: RHB Paulino Garcia
|
0-0: Called Strike 0-1: Foul Ball, location: 2F 0-2: Ball 1-2: Ball 2-2: Ball 3-2: Foul Ball, location: 2F 3-2: Foul Ball, location: 2F 3-2: Foul Ball, location: 2F 3-2: Fly out, F9 (Flyball, 9, EV 91.9 MPH)
|
|
Batting: RHB Harvey Wilkerson
|
0-0: Ball 1-0: SINGLE (Line Drive, 56D, EV 111.9 MPH) Gerald Young scores Guy Duhon to second
|
|
Batting: LHB Jose Fernandez
|
0-0: Called Strike Guy Duhon steals 3rd, throwing error, E2 Guy Duhon scores Harvey Wilkerson to third 0-1: Ball 1-1: Ball 2-1: SINGLE (Line Drive, 8LS, EV 100.6 MPH) Harvey Wilkerson scores
|
|
Batting: LHB Juan Villaescusa
|
0-0: SINGLE (Groundball, 4MS, EV 66.3 MPH) (infield hit) Jose Fernandez to second
|
|
Batting: RHB Johnny Paredes
|
0-0: Ball 1-0: Ball Jose Fernandez steals 3rd base 2-0: Called Strike 2-1: Foul Ball, location: 2F 2-2: SINGLE (Line Drive, 6D, EV 97.5 MPH) Jose Fernandez scores Juan Villaescusa to second Runner from 2nd tries for 3rd, SAFE, no throw by LF
|
|
Pitching: RHP Vinny Bedoya
|
|
|
Batting: RHB Jose Gomez
|
0-0: Swinging Strike 0-1: Grounds into double play, 6-4-3 (Groundball, 56, EV 105.0 MPH)
|
| Bottom of the 7th over - 4 runs, 6 hits, 1 error, 1 left on base; Fargo 0 - Great Falls 5 |
| TOP OF THE 8TH |
|
Fargo Brewmasters batting - Pitching for Great Falls Voyagers : RHP Julian Polanco
|
|
Batting: LHB Victor Fernandez
|
0-0: Fly out, F7 (Flyball, 7, EV 93.8 MPH)
|
|
Batting: RHB Forace Oxendine
|
0-0: Fly out, F8 (Flyball, 8RD, EV 98.8 MPH)
|
|
Pitching: RHP Donald Fenton
|
|
|
Batting: RHB Dick E Scott
|
0-0: Called Strike 0-1: Ball 1-1: Called Strike 1-2: Foul Ball, location: 2F 1-2: Strikes out swinging
|
| Top of the 8th over - 0 runs, 0 hits, 0 errors, 0 left on base; Fargo 0 - Great Falls 5 |
| BOTTOM OF THE 8TH |
|
Great Falls Voyagers batting - Pitching for Fargo Brewmasters : RHP Vinny Bedoya
|
|
Batting: SHB John Kanter
|
0-0: Ball 1-0: Called Strike 1-1: Reached via error on a dropped throw from 1B, E1 (Groundball, 34, EV 87.5 MPH)
|
|
Batting: SHB Gerald Young
|
0-0: Called Strike 0-1: Foul Ball, location: 2F 0-2: Ball John Kanter steals 2nd base 1-2: Ball 2-2: Foul Ball, location: 2F 2-2: DOUBLE (Line Drive, 89D, EV 100.0 MPH) John Kanter scores
|
|
Batting: RHB Guy Duhon
|
0-0: Ball 1-0: Swinging Strike 1-1: Ball 2-1: Ball 3-1: Swinging Strike 3-2: Foul Ball, location: 2F 3-2: Strikes out swinging
|
|
Batting: RHB Paulino Garcia
|
0-0: Called Strike 0-1: Ball 1-1: Ground out U3 (Groundball, 13, EV 90.0 MPH) Gerald Young to third
|
|
Batting: RHB Harvey Wilkerson
|
0-0: Called Strike 0-1: Called Strike 0-2: Foul Ball, location: 2F 0-2: Ball 1-2: Ground out U3 (Groundball, 34, EV 105.6 MPH)
|
| Bottom of the 8th over - 1 run, 1 hit, 1 error, 1 left on base; Fargo 0 - Great Falls 6 |
| TOP OF THE 9TH |
|
Fargo Brewmasters batting - Pitching for Great Falls Voyagers : RHP Donald Fenton
|
|
Batting: RHB Gus Polidor
|
0-0: Foul Ball, location: 2F 0-1: Ball 1-1: Ball 2-1: Ball 3-1: Ground out 6-3 (Groundball, 6, EV 102.5 MPH)
|
|
Batting: RHB Juan Picart
|
0-0: Ball 1-0: Foul Ball, location: 2F 1-1: Foul Ball, location: 2F 1-2: Reached on error, E5 (Groundball, 56, EV 87.5 MPH)
|
|
Batting: SHB Elton Hooker
|
0-0: Fly out, F7 (Line Drive, 7, EV 97.5 MPH)
|
|
Batting: RHB Adolph Crump
|
0-0: Ball 1-0: Called Strike 1-1: Swinging Strike 1-2: Ball 2-2: Strikes out swinging
|
| Top of the 9th over - 0 runs, 0 hits, 1 error, 1 left on base; Fargo 0 - Great Falls 6 |
|